 Dungeon Crawl Stone Soup version 0.23.1 (webtiles) character file.

Game seed: 15765766020898543063

94 lockerbottom the Skirmisher (level 4, 0/40 HPs)
             Began as a Draconian Berserker on Mar 17, 2019.
             Was a Believer of Trog.
             Succumbed to an adder's poison
             ... on level 2 of the Dungeon.
             The game lasted 00:06:50 (2176 turns).

lockerbottom the Skirmisher (Draconian Berserker)   Turns: 2176, Time: 00:06:51

Health: 0/40       AC:  5    Str: 20    XL:     4   Next: 38%
Magic:  4/4        EV: 13    Int:  7    God:    Trog [**....]
Gold:   124        SH:  0    Dex: 11    Spells: 3/3 levels left

rFire    . . .     SeeInvis .   a - +0 spear
rCold    . . .     Gourm    .   (no shield)
rNeg     . . .     Faith    .   (armour unavailable)
rPois    .         Spirit   .   (helmet restricted)
rElec    .         Reflect  .   (no cloak)
rCorr    .         Harm     .   (no gloves)
MR       .....                  (no boots)
Stlth    ++........             (no amulet)
HPRegen  0.13/turn              (no ring)
MPRegen  0.09/turn              (no ring)

@: lethally poisoned (0 -> -10)
A: unfitting armour, cold-blooded, AC +5
a: Berserk, Trog's Hand, Renounce Religion


You were on level 2 of the Dungeon.
You worshipped Trog.
Trog was pleased with you.
You were not hungry.

You visited 1 branch of the dungeon, and saw 2 of its levels.

You collected 124 gold pieces.

Inventory:

Hand Weapons
 a - a +0 spear (weapon)
Scrolls
 d - 2 scrolls of enchant armour {unknown}
 e - 2 scrolls of magic mapping {unknown}
 f - 2 scrolls of teleportation {unknown}
 i - a scroll of amnesia {unknown}
Potions
 c - a potion of berserk rage {unknown}
 h - a potion of flight {unknown}
Comestibles
 b - a ration
 g - a chunk of flesh


   Skills:
 + Level 4.0 Fighting
 + Level 3.8 Polearms
 + Level 3.3 Dodging
 * Level 1.2 Stealth


You had 3 spell levels left.
You didn't know any spells.
Your spell library was empty.

Dungeon Overview and Level Annotations

Branches:
Dungeon (2/15)

Altars:


Innate Abilities, Weirdness & Mutations

Your plain brown scales are hard. (AC +5)
You cannot fit into any form of body armour.
You are cold-blooded and may be slowed by cold attacks.


Message History

The adder is almost dead.
* * * LOW HITPOINT WARNING * * *
You feel sick. The adder misses you.
You barely miss the adder. You tail-slap the adder.
You kill the adder!
Trog accepts your kill.
* * * LOW HITPOINT WARNING * * *
You feel sick. The adder bites you.
* * * LOW HITPOINT WARNING * * *
You miss the adder. You tail-slap the adder.
The adder is heavily wounded.
* * * LOW HITPOINT WARNING * * *
You feel sick. The adder closely misses you.
You hit the adder.
The adder is almost dead.
* * * LOW HITPOINT WARNING * * *
You feel sick. The adder bites you but does no damage.
You closely miss the adder.
The adder is almost dead.
You die...

#...# #.##.....## ..... #...#
#.........#...... #####...##
####.#.......).#
.........####.##....#......#
.#...###..........#.#......#.
.#....######.#....#........#.#
.###..# #...#...........#.#
.##.#.# #..##S####......#.#
...##.# #..##@###########.#
..###.######..##.#...........#
...##......#........##########.
.##.#.##.......(...............
.###..#####...##...##..>....[..
.#....##......####.......#.....
.#....##...#.#######...........
....####..............#......#
###.# #######.#####..#.#####..


You could see an adder.

Vanquished Creatures
  A worker ant (D:2)
  3 adders (D:2)
  An ooze (D:1)
  A dart slug (D:1)
  A leopard gecko (D:2)
  A bat (D:1)
  A giant cockroach (D:1)
  3 goblins (D:1)
  6 hobgoblins
  3 jackals (D:1)
  2 quokkas (D:2)
  2 frilled lizards (D:2)
  6 kobolds
  6 rats
37 creatures vanquished.

Notes
Turn   | Place    | Note
-------+----------+-------------------------------------------
     0 | D:1      | lockerbottom the Draconian Berserker began the quest for
                  | the Orb.
     0 | D:1      | Reached XP level 1. HP: 19/19 MP: 1/1
   190 | D:1      | Reached XP level 2. HP: 26/26 MP: 2/2
   777 | D:1      | Reached XP level 3. HP: 27/33 MP: 3/3
  1461 | D:2      | Reached ** piety under Trog
  1693 | D:2      | Reached skill level 4 in Fighting
  1693 | D:2      | Reached skill level 1 in Stealth
  1693 | D:2      | Reached XP level 4. HP: 16/40 MP: 4/4
  2173 | D:2      | HP: 2/40 [adder (3)]
  2176 | D:2      | Succumbed to an adder's poison

Skill      XL: |  1  2  3 |
---------------+----------+-----
Dodging        | 3 |  3.3
Fighting       | 4 |  4.0
Stealth        | 1 |  1.2
Polearms       | |  3.8

Action                   |  1- 3 |  4- 6 || total
-------------------------+-------+-------++-------
Melee: Spear             |   144 |    20 ||   164
       Tailslap          |    12 |     5 ||    17
 Stab: Sleeping          |     1 |       ||     1
  Eat: Ration            |     1 |       ||     1
       Chunk             |     1 |       ||     1
Armor: Skin              |    28 |     4 ||    32
Dodge: Dodged            |    80 |    10 ||    90
